 Dungeon Crawl Stone Soup version 0.19.1-1-g22dce08 (webtiles) character file.

7852 kae the Cleaver (level 11, -10/99 (100) HPs)
             Began as a Hill Orc Fighter on Dec 30, 2016.
             Was a Follower of Beogh.
             Mangled by an orc warrior
             ... wielding a +0 trident
              (17 damage)
             ... on level 9 of the Dungeon.
             The game lasted 00:10:28 (11285 turns).

kae the Cleaver (Hill Orc Fighter)                 Turns: 11285, Time: 00:10:29

HP:   -10/99 (100)  AC: 13    Str: 21    XL:     11   Next: 21%
MP:   15/15         EV:  7    Int:  8    God:    Beogh [*.....]
Gold: 589           SH:  9    Dex: 10    Spells: 0 memorised, 10 levels left

rFire  x . .     SeeInvis .     b - +1 hand axe (freeze)
rCold  + . .     Gourm    .     q - +1 scale mail
rNeg   . . .     Faith    .     c - +0 shield
rPois  .         Spirit   .     (no helmet)
rElec  .         Reflect  .     (no cloak)
rCorr  .         Harm     .     p - +0 pair of gloves
MR     .....                    C - +1 pair of boots
Stlth  ..........               v - amulet of magic regeneration
                                (no ring)
                                r - ring of ice

@: no status effects
A: low mp 1, weak 1
a: Renounce Religion


You were on level 9 of the Dungeon.
You worshipped Beogh.
Beogh was aware of your devotion.
You were very hungry.

You visited 1 branch of the dungeon, and saw 9 of its levels.

You collected 619 gold pieces.
You spent 30 gold pieces at shops.

Inventory:

Hand Weapons
 a - a +0 war axe
 b - a +1 hand axe of freezing (weapon)
Armour
 c - a +0 shield (worn)
 p - a +0 pair of gloves (worn)
 q - a +1 scale mail (worn)
 C - a +1 pair of boots (worn)
Jewellery
 r - a ring of ice (left hand)
 v - an amulet of magic regeneration (around neck)
Wands
 k - a wand of polymorph (20/24)
 o - a wand of flame (18/48)
 x - a wand of digging (11/24)
 y - a wand of slowing (22/48)
 B - a wand of acid (6/15)
 F - a wand of polymorph (12/24)
Scrolls
 g - 2 scrolls of teleportation
 i - a scroll of enchant armour
 j - 3 scrolls of identify
 m - 3 scrolls of amnesia
 n - a scroll of magic mapping
 w - 4 scrolls of remove curse
 E - a scroll of blinking
Potions
 e - 2 potions of ambrosia
 h - a potion of resistance
 l - 3 potions of brilliance
 s - 2 potions of curing
 t - 2 potions of agility
 z - 2 potions of degeneration
 D - a potion of might
 G - a potion of lignification {unknown}
Comestibles
 d - 2 meat rations
 f - 7 bread rations
 u - 10 fruits
 A - 2 beef jerkies


   Skills:
 + Level 10.2 Fighting
 * Level 14.2 Axes
 + Level 9.0 Armour
 - Level 3.2 Shields
 + Level 8.5 Invocations


You had 10 spell levels left.
You didn't know any spells.

Dungeon Overview and Level Annotations

Branches:
Dungeon (9/15)             Temple (0/1) D:7            Lair (0/6) D:9
    Orc: D:9-12

Altars:
Ashenzari
Dithmenos
Fedhas
Kikubaaqudgha
Makhleb
Okawaru
Qazlal
Ru
Sif Muna
Uskayaw

Shops:
D:4 *   D:5 %

Annotations:
D:6 kae's ghost, amateur HOFi
D:8 Scuka's ghost, novice CeHu


Innate Abilities, Weirdness & Mutations

Your magical capacity is low. (-10% MP)
You are weak. (Str -2)


Message History

You closely miss the orc warrior.
The orc warrior is heavily wounded.
The orc warrior hits you with a trident.
You closely miss the orc warrior.
The orc warrior is heavily wounded.
The orc warrior hits you with a trident!
* * * LOW HITPOINT WARNING * * *
You barely miss the orc warrior.
The orc warrior is heavily wounded.
You hit the orc warrior. You freeze the orc warrior.
The orc warrior is severely wounded.
The orc warrior hits you with a trident!
* * * LOW HITPOINT WARNING * * *
You hit the orc warrior. You freeze the orc warrior.
The orc warrior is severely wounded.
You hit the orc warrior. You freeze the orc warrior.
The orc warrior is severely wounded.
The orc warrior hits you with a trident!
You die...
Beogh appreciates the orc warrior's killing of a heretic priest.

..P.........
#.......... ........
..$..#
#.#o##################
#)o.##................
###.##.###############
#.##.# #oo@.# ######


You could see an orc warrior and an orc.

Vanquished Creatures
  A centaur warrior (D:8)
  A hill giant (D:7)
  Joseph (D:7)
  Psyche (D:8)
  3 two-headed ogres
  A hornet (D:9)
  2 hippogriffs (D:7)
  A spriggan (D:8)
  5 yaks (D:7)
  2 wargs (D:9)
  A sky beast (D:6)
  An ice beast (D:7)
  2 orc warriors
  2 black bears
  2 phantoms
  An eye of draining (D:8)
  3 ogres (D:4)
  4 centaurs
  3 necrophages
  A big kobold (D:7)
  2 bullfrogs (D:7)
  A wyvern zombie (D:7)
  3 scorpions
  8 killer bees
  8 wights
  3 howler monkeys
  7 crimson imps
  A bullfrog zombie (D:5)
  An orc priest (D:9)
  2 hounds
  A bullfrog skeleton (D:7)
  Natasha (thrice) (D:2)
  2 orc wizards
  11 worker ants
  7 adders
  A shadow imp (D:8)
  An adder zombie (D:8)
  An adder skeleton (D:9)
  5 worms
  7 leopard geckos
  19 orcs
  3 bats
  4 giant cockroaches
  9 goblins
  6 hobgoblins
  15 jackals
  13 kobolds
  7 quokkas
  6 frilled lizards
  A leopard gecko skeleton (D:4)
  A quokka zombie (D:8)
  9 rats
206 creatures vanquished.

Vanquished Creatures (others)
  An orc wizard (D:6)
  An adder (D:3)
  2 orcs (D:3)
  A goblin (D:3)
  A kobold (D:3)
6 creatures vanquished.

Grand Total: 212 creatures vanquished

Notes
Turn   | Place    | Note
-------+----------+-------------------------------------------
     0 | D:1      | kae the Hill Orc Fighter began the quest for the Orb.
     0 | D:1      | Reached XP level 1. HP: 19/19 MP: 1/1
    76 | D:1      | Reached skill level 3 in Axes
   147 | D:1      | Reached XP level 2. HP: 27/27 MP: 2/2
   537 | D:2      | Noticed Natasha
   541 | D:2      | Killed Natasha
   541 | D:2      | Reached skill level 4 in Axes
   541 | D:2      | Reached XP level 3. HP: 18/33 MP: 3/3
   792 | D:2      | Reached XP level 4. HP: 40/40 MP: 4/4
  1031 | D:2      | Noticed Natasha
  1040 | D:2      | Killed Natasha
  1290 | D:2      | Noticed Natasha
  1294 | D:2      | Killed Natasha
  1294 | D:2      | Reached skill level 5 in Axes
  1294 | D:2      | Reached XP level 5. HP: 42/47 MP: 5/5
  1471 | D:3      | Became a worshipper of Beogh the Brigand
  1718 | D:3      | Reached * piety under Beogh
  1814 | D:3      | Found a deep blue altar of Sif Muna.
  2036 | D:3      | Found a hide-covered altar of Uskayaw.
  2130 | D:3      | Found a stormy altar of Qazlal.
  2259 | D:4      | Noticed a two-headed ogre
  2266 | D:4      | Killed a two-headed ogre
  2266 | D:4      | Reached skill level 5 in Fighting
  2266 | D:4      | Reached skill level 6 in Axes
  2266 | D:4      | Reached skill level 5 in Armour
  2266 | D:4      | Reached XP level 6. HP: 30/56 MP: 6/6
  2421 | D:4      | Reached skill level 7 in Axes
  2421 | D:4      | Reached XP level 7. HP: 9/62 MP: 7/7
  2752 | D:4      | Reached skill level 8 in Axes
  2982 | D:4      | Found Puas's General Store.
  2990 | D:4      | Bought a potion of curing for 30 gold pieces
  3592 | D:5      | Entered Level 5 of the Dungeon
  3852 | D:5      | Found Qoyc's Food Shoppe.
  3919 | D:5      | Reached skill level 1 in Invocations
  3919 | D:5      | Reached XP level 8. HP: 65/71 MP: 8/8
  4570 | D:6      | Reached skill level 9 in Axes
  4682 | D:6      | Noticed kae's ghost (amateur HOFi)
  4713 | D:5      | Reached ** piety under Beogh
  5333 | D:5      | Gained mutation: Your magical capacity is low. (-10% MP) [potion of mutation]
  5333 | D:5      | Gained mutation: You are weak. (Str -2) [potion of mutation]
  5644 | D:6      | Reached skill level 10 in Axes
  5958 | D:6      | Found a shattered altar of Ashenzari.
  6303 | D:6      | Reached XP level 9. HP: 79/79 MP: 10/10
  6343 | D:6      | Found a blossoming altar of Fedhas.
  7196 | D:7      | Reached skill level 11 in Axes
  7246 | D:7      | Noticed a hill giant
  7247 | D:7      | Reached skill level 5 in Invocations
  7253 | D:7      | Killed a hill giant
  7720 | D:7      | Noticed Joseph
  8002 | D:7      | Reached skill level 12 in Axes
  8002 | D:7      | Reached XP level 10. HP: 80/90 MP: 13/13
  8088 | D:7      | Found a shadowy altar of Dithmenos.
  8088 | D:7      | Found an iron altar of Okawaru.
  8091 | D:7      | Found a sacrificial altar of Ru.
  8653 | D:7      | Killed Joseph
  8653 | D:7      | Reached skill level 13 in Axes
  8734 | D:7      | Found a burning altar of Makhleb.
  8734 | D:7      | Found an ancient bone altar of Kikubaaqudgha.
  9067 | D:7      | Found a staircase to the Ecumenical Temple.
  9411 | D:8      | Noticed a centaur warrior
  9426 | D:8      | Killed a centaur warrior
  9676 | D:8      | Noticed Scuka's ghost (novice CeHu)
 10103 | D:8      | Reached XP level 11. HP: 92/98 MP: 15/15
 10332 | D:8      | Noticed Psyche
 10341 | D:8      | Killed Psyche
 10341 | D:8      | Reached skill level 10 in Fighting
 10341 | D:8      | Reached skill level 14 in Axes
 10590 | D:8      | Found a blossoming altar of Fedhas.
 10904 | D:9      | Paralysed by a hornet for 1 turns
 11231 | D:9      | Found a staircase to the Lair.
 11285 | D:9      | Mangled by an orc warrior

Skill      XL: |  1  2  3  4  5  6  7  8  9 10 11 |
---------------+----------------------------------+-----
Axes           | 3 4 5 6 7 8 10 12 13 14 | 14.2
Fighting       | 4 5 6 7 8 9 10 | 10.2
Armour         | 4 5 6 7 8 9 |  9.0
Invocations    | 1 3 6 8 |  8.5
Shields        | |  3.2

Action                   |  1- 3 |  4- 6 |  7- 9 | 10-12 || total
-------------------------+-------+-------+-------+-------++-------
Melee: War axe           |    77 |   146 |       |       ||   223
       Hand axe          |       |    10 |   458 |   376 ||   844
Invok: Convert to Beogh  |       |     1 |       |       ||     1
       Smiting           |       |       |     4 |    12 ||    16
Evoke: Wand              |       |       |     1 |       ||     1
  Use: Scroll            |     7 |     4 |       |     6 ||    17
       Potion            |       |     1 |     4 |       ||     5
  Eat: Chunk             |       |     5 |     7 |    10 ||    22
       Meat ration       |       |       |     1 |       ||     1
       Bread ration      |       |       |     1 |       ||     1
       Pizza             |       |       |     1 |       ||     1
Armor: Scale mail        |    33 |    86 |   155 |   117 ||   391
Dodge: Dodged            |    31 |    43 |   126 |    82 ||   282
Block: Shield            |    37 |    73 |   156 |   134 ||   400
